Arrhythmia, chaotic female vampiric Convict -------- ----------- |...0...######|......._@h**########## |......| #-.......q.| # -----.-- |.........| ### ## ----------- # # ##### -|----- |.....| ------ |......## |....| |.....| # ----- |....| |.....| ######-..$| |....| |.....| |...| |.<..| |.....| |....####...... ------- |..(| |....| |...| ------ |$..| ----- Arrhythmia the Jail-bird Experience level: 6 Strength: 15 Dexterity: 15 Constitution: 20 Intelligence: 12 Wisdom: 9 Charisma: 6 Health: 0(69) Energy: 33(33) AC: 10 Gold: 303 Moves: 6433 Your Inventory: Coins $ - 303 gold pieces Weapons z - a cursed [-3] broad pick [dwarvish mattock] (weapon in hands) Armor b - a cursed +0 striped shirt (being worn) h - an [uncursed +0] Hawaiian shirt j - an [uncursed] +0 pair of high boots (being worn) k - an [uncursed +0] pair of hiking boots [elven] l - an [uncursed] +0 cloak of invisibility m - a [blessed +1] ring mail [of brilliance and aggravation] n - an [uncursed] +0 pair of combat boots [water walking] o - a cursed +0 ornamental cope [cloak of magic resistance] (being worn) p - a [cursed -7] tattered cape [cloak of protection] q - an [uncursed +0] slippery cloak [oilskin] s - an [uncursed +0] dwarvish mithril-coat t - an [uncursed +0] hard hat [dwarvish iron helm] u - a cursed -4 pair of leather gloves (being worn) Spells known in the end: Name Level Category Fail Memory Your skills at the end: Fighting Skills Weapon Skills sling [Basic / Skilled] Spellcasting Skills Final Attributes: You were piously aligned. Hunger level was 482. Your alignment was 41 / 42. Monster difficulty range was 0 - 5. Level difficulty was 4. You were immune to level-drain. You were immune to sickness. You were magic-protected. You were punished. You could fly. You could survive without air. You regenerated. Your luck was zero. You are dead. Vanquished creatures: 2 shriekers a gnome lord a floating eye a dwarf 2 giant bats an iguana an acid blob 2 gas spores 5 hobbits 2 manes a large kobold a hobgoblin 2 giant rats a cave spider 2 green molds 8 gnomes 2 gnome zombies 8 geckos 10 jackals a kobold 8 goblins 6 sewer rats 11 grid bugs 4 lichens a kobold zombie 11 newts 95 creatures vanquished. Voluntary challenges: You went without food. You never hit with a wielded weapon. You read items or engraved 2 times. You put on armor 11 times. You never genocided any monsters. You never polymorphed an object. You never changed form. You used no wishes. You abstained from Elbereth's help. You never encountered a bones level. You never used any Sokoban shortcuts. Dungeon overview: The Dungeons of Doom: levels 1 to 4 Level 1 a long staircase Level 2 (I'm gonna murder this guy) an armor shop Level 3 a sink stairs to The Gnomish Mines Level 4 <- You were here The Gnomish Mines: Level 4 stairs to The Dungeons of Doom History has recorded: On T:1 you entered the Dungeons of Doom to retrieve the Amulet of Yendor! On T:249 you reached level 2 of The Dungeons of Doom. On T:781 you advanced to experience level 2. On T:1478 you advanced to experience level 3. On T:3594 you advanced to experience level 4. On T:3771 you advanced to experience level 5. On T:4338 you reached level 3 of The Dungeons of Doom. On T:4664 you advanced to experience level 6. On T:5232 you reached level 1 of The Gnomish Mines. On T:6038 you reached level 4 of The Dungeons of Doom. Latest messages: [2 turns] [HP+1=27] [HP+1=28] [2 turns] [HP+1=29] The rothe hits! The rothe bites! (2x) [HP-4=25] [2 turns] The rothe hits! The rothe bites! (2x) You are hit by a black gem. [HP-11=14] c - an uncursed very heavy iron ball (chained to you). You rebalance your load. Movement is difficult. The rothe hits! The rothe bites! (2x) [HP-7=7] [2 turns] You have so little stamina, the very heavy iron ball drops from your grasp. Your movements are now unencumbered. An uncursed very heavy iron ball (chained to you) hits the floor. The rothe hits! The rothe bites! (2x) You die... (2x) Final status: Goodbye Arrhythmia the Convict... You died in The Dungeons of Doom on dungeon level 4 with 503 points, and 303 pieces of gold, after 6433 moves. You were level 6 with a maximum of 69 hit points when you died.